 Dungeon Crawl Stone Soup version 0.27.0-1-g7a089689b8 (webtiles) character file.

Game seed: 10431666067319893306

674 Brandom the Ducker (level 7, -1/41 (54) HPs)
             Began as a Merfolk Necromancer on Aug 7, 2021.
             Slain by a wight (5 damage)
             ... on level 4 of the Dungeon.
             The game lasted 00:12:36 (6671 turns).

Brandom the Ducker (Merfolk Necromancer)            Turns: 6671, Time: 00:12:36

HP:   -1/41 (54)    AC:  7    Str:  8    XL:     7   Next: 59%
MP:   10/10         EV: 14    Int: 17    God:
Gold: 196           SH:  0    Dex: 14    Spells: 5/10 levels left

rFire    . . .     SeeInvis .   u - +4 spear
rCold    . . .     Faith    .   (no shield)
rNeg     . . .     Spirit   .   z - +0 steam dragon scales
rPois    .         Reflect  .   (no helmet)
rElec    .         Harm     .   b - +0 cloak
rCorr    .         Rampage  .   (no gloves)
Will     .....                  v - +0 pair of boots
Stlth    ++........             (no amulet)
HPRegen  0.13/turn              (no ring)
MPRegen  0.12/turn              (no ring)

@: heavily drained
A: (nimble swimmer 2), mertail
a: no special abilities


You were on level 4 of the Dungeon.
You visited 1 branch of the dungeon, and saw 4 of its levels.

You collected 196 gold pieces.

Inventory:

Hand Weapons
 d - a +0 dagger
   (You took it off a kobold on level 1 of the Dungeon)
 m - a +0 trident
   (You took it off Terence on level 2 of the Dungeon)
 u - a +4 spear (weapon)
   (You took it off a goblin on level 3 of the Dungeon)
Missiles
 c - 11 poisoned darts (quivered)
Armour
 a - a +0 robe
 b - a +0 cloak (worn)
   (You found it on level 1 of the Dungeon)
 o - a scarf of harm
   (You found it on level 2 of the Dungeon)
 v - a +0 pair of boots (worn)
   (You found it on level 3 of the Dungeon)
 z - +0 steam dragon scales (worn)
   (You found it on level 4 of the Dungeon)
Scrolls
 e - a scroll of fear {unknown}
 i - a scroll of holy word {unknown}
 k - 2 scrolls of enchant weapon
 q - a scroll of immolation {!r}
 t - a scroll of teleportation {unknown}
 w - a scroll of magic mapping {unknown}
 y - a scroll of summoning {unknown}
Potions
 f - 2 potions of resistance
 g - a potion of lignification {unknown}
 h - 4 potions of curing {@q1}
 j - 2 potions of flight
 l - 2 potions of ambrosia
 n - a potion of magic
 r - a potion of haste {unknown}
 s - 3 potions of heal wounds {@q2}
 x - a potion of mutation {unknown}


   Skills:
 + Level 4.3 Fighting
 + Level 4.7 Polearms
 + Level 6.1 Dodging
 - Level 2.1 Stealth
 - Level 2.0 Spellcasting
 + Level 4.7 Necromancy


You had 5 spell levels left.
You knew the following spells:

 Your Spells              Type           Power      Damage    Failure   Level
a - Pain                  Necr           68%        1d7       2%          1
q - Vampiric Draining     Necr           8%         2d7       9%          3
z - Animate Skeleton      Necr           34%        N/A       2%          1

Your spell library contained the following spells:

 Spells                   Type           Power      Damage    Failure   Level
 Sting                    Tmut/Pois      4%         1d3       19%         1
 Animate Dead             Necr           8%         N/A       26%         4
 Poisonous Vapours        Pois/Air       2%         N/A       28%         2
 Call Canine Familiar     Summ           1%         N/A       50%         3
 Ozocubu's Armour         Ice            1%         N/A       50%         3
 Portal Projectile        Hex/Tloc       2%         N/A       50%         3
 Stone Arrow              Conj/Erth      2%         3d7       50%         3
 Agony                    Necr           17%        N/A       58%         5
 Excruciating Wounds      Necr           8%         N/A       58%         5
 Leda's Liquefaction      Hex/Erth       0%         N/A       88%         4
 Olgreb's Toxic Radiance  Pois           1%         N/A       88%         4
 Bolt of Magma            Conj/Fire/Erth 0%         4d4       99%         5
 Metabolic Englaciation   Hex/Ice        0%         N/A       99%         5
 Simulacrum               Ice/Necr       4%         N/A       100%        6
 Shatter                  Erth           0%         3d5*      100%        9


Dungeon Overview and Level Annotations

Branches:
Dungeon (4/15)
 Temple: D:4-7

Altars:
Zin

Annotations:
D:4 HoaS's ghost, amateur DgGl


Innate Abilities, Weirdness & Mutations

((You are quick and stealthy near water. (Stealth+, EV+, Speed+++)))
Your lower body shifts to a powerful aquatic tail in water.


Message History

The wight hits you with a +0 morningstar.
* * * LOW HITPOINT WARNING * * *
You feel drained.
* * * LOW HITPOINT WARNING * * *
There is an open door here.
The wight misses you.
Something unseen opens the door.
You see here a +0 leather armour.
There is an open door here.
You see here a +0 flail.
The wight barely misses you.
Things that are here:
a +0 robe; a +0 great sword You open the door.
Found a scroll labelled UXUSKA HOALOB and a scroll of identify.
Found a glowing silver altar of Zin.
There is an open door here.
There is a glowing silver altar of Zin here.
The wight misses you.
The wight hits you with a +0 morningstar!
* * * LOW HITPOINT WARNING * * *
You feel drained.
* * * LOW HITPOINT WARNING * * *
Okay, then.
As you read the scroll labelled LUHAES LOCO, it crumbles to dust.
It is a scroll of enchant weapon.
Your +3 spear glows red for a moment.
The wight barely misses you. The wight completely misses you.
As you read the scroll labelled CUCIXZY CAOZ, it crumbles to dust.
The creatures around you are filled with an inner flame!
It was a scroll of immolation.
The wight closely misses you.
The wight hits you with a +0 morningstar!
* * * LOW HITPOINT WARNING * * *
You feel drained.
* * * LOW HITPOINT WARNING * * *
The wight closely misses you.
Unknown command.
The wight barely misses you.
Unknown command.
There is an open door here.
Unknown command.
Things that are here:
a +0 robe; a +0 great sword You see here a +0 flail.
As you read the scroll labelled BIOMIT DIWKO, it crumbles to dust.
It is a scroll of amnesia.
Really abort (and waste the scroll)?
Okay, then.
The wight hits you with a +0 morningstar.
You die...

#####...##.# #.# #.#####.####.
#.....#.# #.# #.# #.# #.
####.......###.# #z# #.. ..
...............# #.# ######'
#####...######## #.# ##.. .##
##.### ###z#### ##z.. ..## #.#.##
#......# ##....
...###....#########z.....###.....
...'............@z.........'.[...
...###....#########......###.....
..## #.#.##### #.#..#.# ##....
.## #.###...# #.#.##.# ##... ##
#.......# #......# ##.. #
#####...# ##..#### ##+ ##.## #.##
#. #.# ####.##### #. # #.#
#........# ##.


You could see 2 wights.

Vanquished Creatures
  A steam dragon (D:4)
  An ice beast (D:4)
  A black bear (D:4)
  A bullfrog (D:4)
  A wight (D:4)
  A hound (D:4)
  An iguana (D:4)
  Terence (D:2)
  A hound skeleton (D:4)
  A scorpion simulacrum (D:4)
  A gnoll (D:3)
  4 adders
  A hound simulacrum (D:4)
  3 worms
  A dart slug (D:2)
  3 adder simulacra (D:4)
  5 orcs (D:4)
  7 ball pythons
  10 endoplasms
  2 giant cockroaches (D:3)
  3 hobgoblins
  6 jackals
  6 kobolds
  A quokka (D:2)
  8 bats
  A frilled lizard (D:1)
  10 goblins
  A jackal simulacrum (D:4)
83 creatures vanquished.

Vanquished Creatures (others)
  A plant (D:3)
1 creature vanquished.

Grand Total: 84 creatures vanquished

Notes
Turn   | Place    | Note
-------+----------+-------------------------------------------
     0 | D:1      | Brandom the Merfolk Necromancer began the quest for the
                  | Orb.
     0 | D:1      | Reached XP level 1. HP: 13/13 MP: 3/3
   422 | D:1      | Reached skill level 3 in Dodging
   625 | D:1      | Reached XP level 2. HP: 17/20 MP: 1/5
   638 | D:1      | Reached skill level 1 in Fighting
  1279 | D:2      | Reached XP level 3. HP: 17/26 MP: 0/6
  1392 | D:2      | Found a faded altar of an unknown god.
  1550 | D:2      | Noticed Terence
  1575 | D:2      | Killed Terence
  1755 | D:2      | Learned a level 3 spell: Vampiric Draining
  1757 | D:2      | Learned a level 1 spell: Animate Skeleton
  1889 | D:2      | Reached XP level 4. HP: 26/33 MP: 7/7
  2562 | D:2      | Reached skill level 4 in Dodging
  3222 | D:3      | Reached skill level 1 in Polearms
  3431 | D:3      | Reached XP level 5. HP: 18/39 MP: 8/8
  4287 | D:4      | Reached XP level 6. HP: 38/47 MP: 9/9
  4368 | D:4      | Reached skill level 5 in Dodging
  4646 | D:4      | Noticed HoaS's ghost (amateur DgGl)
  4797 | D:4      | Found a runed translucent gate.
  4797 | D:4      | Found a runed translucent gate.
  4797 | D:4      | Found a runed translucent gate.
  4981 | D:4      | Noticed an ice beast
  5013 | D:4      | Killed an ice beast
  5517 | D:4      | Noticed a black bear
  5526 | D:4      | Killed a black bear
  5527 | D:4      | Reached XP level 7. HP: 22/53 MP: 1/10
  5775 | D:4      | Noticed a steam dragon
  5791 | D:4      | Killed a steam dragon
  5792 | D:4      | Reached skill level 6 in Dodging
  6637 | D:4      | Found a glowing silver altar of Zin.
  6644 | D:4      | HP: 1/41 [wight (2)]
  6671 | D:4      | Slain by a wight

Illustrated notes

Levels and vault maps discovered:
D:1:      lightli_arrival_lavapool, layout_basic, minivault_5, st_stairs_9,
          dk_noncrumbling_3
D:2:      layout_rooms, shapermc_ecumenical_altar_venn, serial_glass,
          glass_columns_a, glass_columns_a, minivault_4, kennysheep_path_1,
          nrook_mini_backslash, hangedman_glass_teeth,
          minmay_misc_feat_more_columns, minmay_pentomino_z2, uniq_terence
D:3:      layout_basic, corexii_shack, minmay_distorted
D:4:      layout_loops_corners, zin_scriptorium, gammafunk_ghost_icy

Skill      XL: |  1  2  3  4  5  6  7 |
---------------+----------------------+-----
Dodging        | 3 4 5 6 |  6.1
Fighting       | 1 2 3 4 |  4.3
Polearms       | 1 2 4 |  4.7
Necromancy     | 4 |  4.7
Stealth        | |  2.1
Spellcasting   | |  2.0

Action                   |  1- 3 |  4- 6 |  7- 9 || total
-------------------------+-------+-------+-------++-------
Melee: Unarmed           |     3 |       |       ||     3
       Dagger            |    31 |    31 |       ||    62
       Trident           |       |    21 |       ||    21
       Spear             |       |   147 |    30 ||   177
Throw: Dart              |     6 |       |       ||     6
 Cast: Pain              |    30 |    54 |     8 ||    92
       Vampiric Draining |       |       |     1 ||     1
  Use: Scroll            |       |     4 |     5 ||     9
 Stab: Sleeping          |     2 |     5 |     1 ||     8
       Distracted        |     1 |       |       ||     1
Armor: Robe              |    14 |    53 |     2 ||    69
Dodge: Dodged            |    60 |   143 |    36 ||   239
